 Dungeon Crawl Stone Soup version 0.25.1-2-g60ff931df9 (webtiles) character file.

Game seed: 14739812666533765384

5257 Mrkan the Slicer (level 10, -1/86 HPs)
             Began as a Pale Draconian Conjurer on Nov 10, 2020.
             Was a Priest of Yredelemnul.
             Killed from afar by an electric eel (11 damage)
             ... with a bolt of electricity
             ... on level 9 of the Dungeon.
             The game lasted 00:14:17 (10634 turns).

Mrkan the Slicer (Pale Draconian Conjurer)         Turns: 10634, Time: 00:14:18

Health: -1/86      AC:  8    Str: 12    XL:     10   Next: 36%
Magic:  15/15      EV: 11    Int: 15    God:    Yredelemnul [***...]
Gold:   629        SH: 13    Dex: 14    Spells: 16/16 levels left

rFire    . . .     SeeInvis .   j - +8 dagger (venom)
rCold    . . .     Gourm    .   r - +3 kite shield
rNeg     . . .     Faith    .   (armour unavailable)
rPois    .         Spirit   .   (helmet restricted)
rElec    .         Reflect  .   (no cloak)
rCorr    .         Harm     .   A - +0 pair of gloves
MR       .....                  (no boots)
Stlth    ++........             (no amulet)
HPRegen  0.24/turn              (no ring)
MPRegen  0.14/turn              (no ring)

@: no status effects
A: breathe steam, unfitting armour, cold-blooded, AC +7
a: Breathe Steam, Recall Undead Slaves, Injury Mirror, Animate Dead, Renounce
Religion


You were on level 9 of the Dungeon.
You worshipped Yredelemnul.
Yredelemnul was most pleased with you.
You were very hungry.

You visited 1 branch of the dungeon, and saw 9 of its levels.

You collected 674 gold pieces.
You spent 45 gold pieces at shops.

Inventory:

Hand Weapons
 h - a +0 short sword of electrocution
 j - a +8 dagger of venom (weapon)
Missiles
 G - 2 atropa-tipped darts (quivered)
Armour
 r - a +3 kite shield (worn)
 A - a +0 pair of gloves (worn)
Jewellery
 i - a cursed amulet of inaccuracy {unknown}
 k - an uncursed amulet of the acrobat {unknown}
 m - a cursed amulet of inaccuracy {unknown}
 o - an uncursed ring of see invisible {unknown}
 p - a +6 ring of dexterity
 v - an uncursed amulet of magic regeneration {unknown}
 F - an uncursed amulet of faith {unknown}
 H - an uncursed ring of ice {unknown}
Wands
 a - a wand of iceblast (7)
 q - a wand of disintegration (12)
 x - a wand of paralysis (8)
Scrolls
 e - 3 scrolls of immolation
 f - a scroll of enchant armour
 g - 5 scrolls of teleportation
 w - a scroll of amnesia
 y - a scroll of enchant weapon
 D - 2 scrolls of blinking
 E - a scroll of magic mapping
Potions
 c - 3 potions of brilliance
 l - a potion of ambrosia
 n - 2 potions of mutation
 s - a potion of curing
 t - 2 potions of might
 z - a potion of degeneration
 C - a potion of lignification
Comestibles
 b - 19 rations


   Skills:
 + Level 7.4 Fighting
 * Level 9.6 Short Blades
 - Level 1.7 Dodging
 - Level 1.7 Stealth
 * Level 8.5 Shields
 - Level 0.4 Unarmed Combat
 - Level 3.5 Spellcasting
   Level 5.4 Conjurations


You had 16 spell levels left.
You didn't know any spells.
Your spell library contained the following spells:

 Spells                   Type           Power        Failure   Level  Hunger
 Magic Dart               Conj           ###.         4%          1    None
 Searing Ray              Conj           ###...       7%          2    ##.....
 Shock                    Conj/Air       ##..         14%         1    None
 Dazzling Flash           Conj/Hex       ##....       38%         3    ###....
 Static Discharge         Conj/Air       ##......     38%         3    ###....
 Swiftness                Chrm/Air       #.......     54%         2    ##.....
 Fulminant Prism          Conj/Hex       ##........   80%         4    ####...
 Iskenderun's Mystic Bla  Conj/Tloc      ##......     80%         4    ####...
 Lightning Bolt           Conj/Air       ##........   98%         5    ######.
 Airstrike                Air            #.........   99%         4    ####...


Dungeon Overview and Level Annotations

Branches:
Dungeon (9/15)             Temple (0/1) D:6
   Lair: D:8-11         Orc: D:9-12

Altars:
Ashenzari
Gozag
Nemelex Xobeh
Qazlal
Ru
Trog
Xom
Yredelemnul

Shops:
D:7 *   D:9 :


Innate Abilities, Weirdness & Mutations

You can breathe blasts of scalding, opaque steam.
Your pale cyan-grey scales are hard. (AC +7)
You cannot fit into any form of body armour.
You are cold-blooded and may be slowed by cold attacks.


Message History

An electric eel comes into view.
The electric eel shoots out a bolt of lightning at you!
The bolt of electricity hits you!
The electric eel shoots out a bolt of lightning at you!
The bolt of electricity hits you!
You enter the shallow water.
Moving in this stuff is going to be slow.
The electric eel shoots out a bolt of lightning at you!
The bolt of electricity hits you!
The electric eel shoots out a bolt of lightning at you!
The bolt of electricity hits you!
The electric eel shoots out a bolt of lightning at you!
The bolt of electricity hits you!
* * * LOW HITPOINT WARNING * * *
The bolt of electricity hits you!
* * * LOW HITPOINT WARNING * * *
The electric eel shoots out a bolt of lightning at you!
The bolt of electricity hits you!
You die...
Your body rises from the dead as a mindless zombie.

≈≈≈≈≈≈≈≈≈≈≈≈≈≈≈.≈.#
≈...≈;....≈≈.≈≈≈≈.#
≈...≈....≈≈≈≈≈≈≈≈.#
≈≈≈...∩..≈...≈≈≈..#
≈.≈≈..........≈≈≈.#
..≈≈;≈;≈≈≈≈.≈≈.≈≈.#
≈≈≈?..........≈.≈.#####
.######..##.####........
.......@................
########################


You could see 3 electric eels.

Vanquished Creatures
  A queen bee (D:8)
  A troll (D:7)
  A hippogriff (D:9)
  5 yaks
  A hungry ghost (D:7)
  An orc warrior (D:7)
  5 ice beasts
  A black bear (D:6)
  3 sky beasts
  3 ogres
  2 wolves (D:9)
  3 centaurs
  5 bullfrogs
  4 scorpions
  12 killer bees (D:8)
  An electric eel (D:9)
  A howler monkey (D:5)
  2 crimson imps
  2 hounds
  A quasit (D:7)
  2 orc priests
  A jelly (D:7)
  2 bullfrog skeletons
  8 orc wizards
  2 iguanas
  5 worker ants
  A bullfrog simulacrum (D:9)
  2 hound skeletons
  2 howler monkey zombies
  A worker ant zombie (D:9)
  4 gnolls (D:4)
  12 adders
  A shadow imp (D:8)
  An ufetubus (D:9)
  An ooze (D:2)
  3 adder skeletons
  An adder zombie (D:8)
  A worm (D:2)
  2 dart slugs
  An adder simulacrum (D:9)
  5 leopard geckos
  17 orcs
  3 ball pythons (D:3)
  8 giant cockroaches
  15 goblins
  19 hobgoblins
  10 jackals
  15 kobolds
  5 quokkas
  11 bats
  4 frilled lizards
  A jackal zombie (D:6)
  A leopard gecko skeleton (D:5)
  9 rats
231 creatures vanquished.

Notes
Turn   | Place    | Note
-------+----------+-------------------------------------------
     0 | D:1      | Mrkan the Draconian Conjurer began the quest for the Orb.
     0 | D:1      | Reached XP level 1. HP: 14/14 MP: 3/3
   541 | D:1      | Reached XP level 2. HP: 22/22 MP: 5/5
   676 | D:1      | Reached skill level 1 in Fighting
  1350 | D:2      | Found a shattered altar of Ashenzari.
  1372 | D:2      | Reached XP level 3. HP: 28/28 MP: 3/6
  1855 | D:2      | Reached skill level 1 in Short Blades
  2184 | D:2      | Reached XP level 4. HP: 31/36 MP: 7/7
  2225 | D:2      | Found a shimmering altar of Xom.
  3256 | D:3      | Reached skill level 2 in Short Blades
  3896 | D:3      | Reached XP level 5. HP: 41/41 MP: 9/9
  4235 | D:4      | Found a basalt altar of Yredelemnul.
  4310 | D:4      | Found a bloodstained altar of Trog.
  4524 | D:4      | Found an opulent altar of Gozag.
  4565 | D:4      | You fall into a shaft and drop 1 floor!
  4565 | D:5      | Entered Level 5 of the Dungeon
  4576 | D:5      | Reached skill level 3 in Short Blades
  4595 | D:5      | Reached skill level 5 in Conjurations
  4616 | D:5      | Noticed a centaur
  4625 | D:5      | Killed a centaur
  4625 | D:5      | Reached XP level 6. HP: 37/51 MP: 10/10
  4911 | D:5      | Noticed a sky beast
  4921 | D:5      | Killed a sky beast
  4921 | D:5      | Reached skill level 4 in Short Blades
  4921 | D:5      | Your scales start taking on a pale cyan-grey colour.
  4921 | D:5      | Reached XP level 7. HP: 10/57 MP: 9/12
  4988 | D:4      | Became a worshipper of Yredelemnul the Dark
  5691 | D:5      | Reached skill level 1 in Shields
  6050 | D:6      | Reached skill level 5 in Short Blades
  6388 | D:6      | Reached XP level 8. HP: 67/67 MP: 13/13
  6499 | D:6      | Reached * piety under Yredelemnul
  6509 | D:6      | Found a staircase to the Ecumenical Temple.
  6728 | D:6      | Reached skill level 6 in Short Blades
  7045 | D:6      | Found a sacrificial altar of Ru.
  7417 | D:7      | Reached skill level 5 in Fighting
  7476 | D:7      | Found Sesafob's General Store.
  7482 | D:7      | Bought a potion of lignification for 45 gold pieces
  7605 | D:7      | Reached skill level 5 in Shields
  7862 | D:7      | Found a bloodstained altar of Trog.
  7894 | D:7      | Reached ** piety under Yredelemnul
  7919 | D:7      | Noticed a troll
  7931 | D:7      | Killed a troll
  7931 | D:7      | Reached skill level 7 in Short Blades
  7931 | D:7      | Reached XP level 9. HP: 55/74 MP: 14/14
  8755 | D:8      | Reached skill level 8 in Short Blades
  8850 | D:8      | Noticed a queen bee
  8857 | D:8      | Killed a queen bee
  9240 | D:8      | Reached XP level 10. HP: 77/84 MP: 15/15
  9252 | D:8      | Reached skill level 9 in Short Blades
  9395 | D:8      | Found a stormy altar of Qazlal.
  9412 | D:8      | Found a sparkling altar of Nemelex Xobeh.
  9516 | D:8      | Reached *** piety under Yredelemnul
 10153 | D:9      | Found Civousiu's Book Emporium.
 10634 | D:9      | Killed from afar by an electric eel

Illustrated notes

Levels and vault maps discovered:
D:1:      heliophobic_arrival_henge, layout_loops_ring, st_stairs_10
D:2:      cheibrodos_greedy_goblins, layout_loops_corners, xom_teletrap_fun,
          evilmike_ruin_ashenzari, grunt_decor_fettered,
          chequers_serial_rivers_small_b
D:3:      minmay_razor_zed, layout_loops_corners, portal_sewer_entry_a,
          chequers_serial_rivers_room_a
D:4:      layout_loops_ring, nicolae_overflow_crystal_walls,
          yredelemnul_altar_generic, kennysheep_nub,
          hangedman_abyss_or_decor_stabs, trog_book
D:5:      layout_basic, first_ration
D:6:      layout_loops_ring, nicolae_ru_path_of_blood, temple_green
D:7:      layout_loops_ring, serial_shops, nicolae_shop_trees,
          trog_hazing_becter
D:8:      layout_cave_pools, lemuel_crystal_altar,
          nemelex_xobeh_ov_fountains_minmay, david_nohive_1
D:9:      layout_long_grid, elyvilon_altar_1, serial_shops,
          kennysheep_mini_moat, serial_ice, serial_ice_a, serial_ice_e,
          serial_ice_f, serial_ice_j, serial_ice_c, serial_ice_h, serial_ice_m,
          serial_ice_n, minmay_fractal_squares_gapless_5

Skill      XL: |  1  2  3  4  5  6  7  8  9 10 |
---------------+-------------------------------+-----
Fighting       | 1 2 3 4 5 6 7 |  7.4
Short Blades   | 1 2 3 4 5 7 8 9 |  9.6
Spellcasting   | 3 |  3.5
Conjurations   | 5 |  5.4
Shields        | 3 5 7 8 |  8.5
Dodging        | |  1.7
Stealth        | |  1.7
Unarmed Combat | |  0.4

Action                   |  1- 3 |  4- 6 |  7- 9 | 10-12 || total
-------------------------+-------+-------+-------+-------++-------
Melee: Unarmed           |    70 |       |       |       ||    70
       Tailslap          |     8 |    12 |    40 |    15 ||    75
       Dagger            |    51 |   168 |   354 |   139 ||   712
 Cast: Magic Dart        |    21 |     2 |       |       ||    23
 Abil: Breathe Steam     |       |       |     1 |       ||     1
  Use: Scroll            |       |       |       |    16 ||    16
 Stab: Sleeping          |     4 |       |     7 |       ||    11
  Eat: Chunk             |     4 |     9 |    16 |     4 ||    33
Armor: Skin              |    78 |    58 |    65 |    22 ||   223
Dodge: Dodged            |   125 |   104 |   102 |    41 ||   372
Block: Kite shield       |       |       |   141 |    56 ||   197
